 Dungeon Crawl Stone Soup version 0.29-a0-553-g81b289dbe5 (webtiles) character file.

Game seed: 11161380344667645319

6236 Aridian the Cleaver (level 10, -13/98 HPs)
             Began as a Troll Fighter on June 6, 2022.
             Was an Elder of Okawaru.
             Mangled by a nine-headed hydra (16 damage)
             ... on level 1 of the Lair of Beasts.
             The game lasted 01:31:44 (8179 turns).

Aridian the Cleaver (Troll Fighter)                 Turns: 8179, Time: 01:31:45

Health: -13/98     AC:  4    Str: 30    XL:     10   Next: 62%
Magic:  0/9        EV: 18    Int:  4    God:    Okawaru [****..]
Gold:   388        SH: 18    Dex:  9    Spells: 9/9 levels left

rFire   . . .      SeeInvis .   y - +1 war axe (vorpal)
rCold   . . .      Faith    .   c - +1 kite shield
rNeg    . . .      Spirit   +   q - +0 robe
rPois   .          Reflect  .   (helmet restricted)
rElec   .          Harm     .   a - scarf {repulsion}
rCorr   .          Rampage  .   (gloves unavailable)
Will    .....                   (boots unavailable)
Stlth   +.........              I - brooch of Shielding {Spirit SH+8}
HPRegen 1.06/turn               l - +4 ring of evasion
MPRegen 0.11/turn               L - +4 ring of evasion

@: weak-willed, repel missiles, unable to read
A: large, unfitting armour, claws 3, regeneration 1, shaggy fur 1, tough skin 1,
horns 1, inability to read while threatened
a: Renounce Religion, Heroism, Finesse


You were on level 1 of the Lair of Beasts.
You worshipped Okawaru.
Okawaru was greatly pleased with you.
You visited 2 branches of the dungeon, and saw 10 of its levels.
You also visited: Ossuary.

You collected 563 gold pieces.
You spent 175 gold pieces at shops.

Inventory:

Hand Weapons
 y - a +1 vorpal war axe (weapon)
 F - a +2 whip of electrocution
Missiles
 S - 3 throwing nets
 V - 3 curare-tipped darts (quivered)
 X - 4 poisoned darts
Armour
 a - a scarf of repulsion (worn)
 b - a +0 robe
 c - a +1 kite shield (worn)
 k - a +1 cloak of poison resistance
 q - a +0 robe (worn)
 t - a +0 chain mail
 C - a +0 cloak
Jewellery
 l - a +4 ring of evasion (left claw)
 n - a ring of fire
 v - an amulet of guardian spirit
 A - a ring of resist corrosion
 I - the brooch of Shielding (around neck) {Spirit SH+8}
   (You found it on level 6 of the Dungeon)

   [amulet of guardian spirit]

   It causes incoming damage to be divided between your reserves of health and
   magic.
   SH:        It affects your SH (+8).
 L - a +4 ring of evasion (right claw)
 O - a ring of wizardry
 T - a ring of protection from fire
Wands
 m - a wand of iceblast (13)
 o - a wand of flame (10)
 K - a wand of paralysis (6)
Scrolls
 f - a scroll of teleportation
 h - 4 scrolls of fear
 i - 10 scrolls of identify
 p - 5 scrolls of immolation {unknown}
 r - a scroll of vulnerability
 s - 3 scrolls of fog {unknown}
 x - 3 scrolls of summoning {unknown}
 H - a scroll of amnesia
 N - a scroll of silence {unknown}
 P - 2 scrolls of poison {unknown}
 Q - a scroll of blinking
 R - 2 scrolls of brand weapon {unknown}
 U - a scroll of enchant armour
 Y - 3 scrolls of enchant weapon {unknown}
 Z - a scroll of acquirement {unknown}
Potions
 d - a potion of might
 e - 3 potions of mutation
 g - a potion of curing
 u - 2 potions of flight {unknown}
 w - a potion of haste {unknown}
 z - a potion of degeneration {unknown}
 B - 2 potions of lignification
 J - a potion of invisibility {unknown}
 M - a potion of brilliance
 W - a potion of berserk rage {unknown}


   Skills:
 + Level 5.6 Fighting
 + Level 9.1 Axes
 + Level 0.1 Throwing
 + Level 6.5 Dodging
 - Level 1.0 Stealth
 + Level 7.3 Shields


You had 9 spell levels left.
You didn't know any spells.
Your spell library contained the following spells:

 Spells                   Type           Power      Damage    Failure   Level
 Storm Form               Tmut/Air       0%         N/A       100%        7
 Maxwell's Capacitive Co  Air            0%         ∞         100%        8
 Summon Lightning Spire   Summ/Air       Unusable   N/A       N/A         4

Dungeon Overview and Level Annotations

Branches:
Dungeon (8/15)             Temple (0/1) D:7            Lair (2/6) D:8
Ossuary (visited)
  Swamp: Lair:2-4    Shoals: Lair:2-4     Snake: Lair:2-4    Spider: Lair:2-4

Altars:
Ashenzari
Cheibriados
Elyvilon
Nemelex Xobeh
Okawaru
Qazlal
Sif Muna
Trog
Uskayaw
Vehumet
Xom
The Shining One

Shops:
D:3 (([*


Innate Abilities, Weirdness & Mutations

You are too large for most types of armour.
You have claws for hands.
Your natural rate of healing is unusually fast.
You are covered in fur. (AC +1)
You have tough skin. (AC +1)
You have a pair of small horns on your head.
You sometimes lose the ability to read scrolls when taking damage.


Message History

The six-headed hydra grows two more!
You slash the eight-headed hydra! You headbutt the eight-headed hydra!
The eight-headed hydra is severely wounded.
The eight-headed hydra bites you.
You block the eight-headed hydra's attack.
The eight-headed hydra misses you.
You block the eight-headed hydra's attack.
The eight-headed hydra completely misses you.
The eight-headed hydra closely misses you.
The eight-headed hydra bites you.
* * * LOW HITPOINT WARNING * * *
The eight-headed hydra misses you.
You lop one of the eight-headed hydra's heads off!
The seven-headed hydra grows two more!
You slash the nine-headed hydra! You headbutt the nine-headed hydra.
The nine-headed hydra is severely wounded.
You block the nine-headed hydra's attack. x2
The nine-headed hydra misses you. The nine-headed hydra bites you.
* * * LOW HITPOINT WARNING * * *
The nine-headed hydra bites you!
* * * LOW HITPOINT WARNING * * *
You block the nine-headed hydra's attack.
The nine-headed hydra bites you.
* * * LOW HITPOINT WARNING * * *
The nine-headed hydra closely misses you.
The nine-headed hydra misses you.
The nine-headed hydra attacks as you move away!
You block the nine-headed hydra's attack. x3
The nine-headed hydra bites you!
* * * LOW HITPOINT WARNING * * *
The nine-headed hydra bites you but does no damage.
The nine-headed hydra misses you.
You block the nine-headed hydra's attack.
The nine-headed hydra misses you.
The nine-headed hydra closely misses you.
The nine-headed hydra bites you.
* * * LOW HITPOINT WARNING * * *
You block the nine-headed hydra's attack. x2
The nine-headed hydra bites you!
You die...

##..# ### ### ###)..###
###.######.###.#.....####
#....##...##..#.......#.###
..........................#
P.........................###
............................##
.>..........(.(.............P#
............(P..@............###
............(....D.............#
..................##...........##
.........^........##............#
........#.........##.............
.###...####.#...#..#.##..........
.# ...# #######.######.........
## ## ### ##........ #
####.........


You could see a nine-headed hydra (weak-willed).

Vanquished Creatures
  Harold (Lair:1)
  A two-headed ogre (D:8)
  The ghost of WLBjork the Cleaver, a novice HOMo (D:5)
  A black mamba (Lair:1)
  A rime drake (Lair:1)
  A troll (D:7)
  A hornet (D:8)
  5 water moccasins
  2 ice beasts
  An orc warrior (D:7)
  A sky beast (D:6)
  3 black bears
  An ogre (D:5)
  2 centaurs
  2 phantoms
  A kobold brigand (D:7)
  Blork the orc (D:6)
  A necrophage (D:5)
  A gnoll sergeant (D:4)
  9 scorpions
  3 wights (D:8)
  6 killer bees (D:8)
  A howler monkey (D:6)
  2 jellies
  4 centaur zombies (Ossuary)
  A human zombie (Ossuary)
  A hound (D:7)
  3 orc priests
  A gnoll shaman (D:7)
  An iguana (D:5)
  An orc wizard (D:7)
  6 scorpion zombies (Ossuary)
  3 mummies (Ossuary)
  11 gnolls
  6 adders
  An ufetubus (D:5)
  A worm (D:2)
  2 dart slugs
  12 orcs
  9 endoplasms
  2 giant cockroaches (D:3)
  3 gnoll zombies (Ossuary)
  6 goblins
  7 hobgoblins
  8 jackals
  5 quokkas
  7 ball pythons
  8 bats
  4 frilled lizards
  3 goblin zombies
  7 kobolds
  2 kobold zombies (Ossuary)
  2 orc zombies (Ossuary)
  A rat (D:3)
  A rat zombie (D:7)
178 creatures vanquished.

Vanquished Creatures (others)
  A plant (Lair:2)
1 creature vanquished.

Grand Total: 179 creatures vanquished

Notes
Turn   | Place    | Note
-------+----------+-------------------------------------------
     0 | D:1      | Aridian the Troll Fighter began the quest for the Orb.
     0 | D:1      | Reached XP level 1. HP: 22/22 MP: 0/0
    48 | D:1      | Reached XP level 2. HP: 21/29 MP: 1/1
   160 | D:1      | Found a faded altar of an unknown god.
   225 | D:1      | Reached XP level 3. HP: 36/36 MP: 2/2
   545 | D:2      | Reached skill level 2 in Axes
   920 | D:2      | Reached XP level 4. HP: 44/44 MP: 3/3
  1185 | D:2      | Found a shimmering blue altar of Sif Muna.
  1620 | D:3      | Found Iracroal's Weapon Boutique.
  1726 | D:3      | Found Keluec's Weapon Shop.
  1854 | D:3      | Found Roumm's Armour Shop.
  1946 | D:3      | Found Gemump's General Store.
  2663 | D:4      | Noticed a gnoll sergeant
  2681 | D:3      | Gained mutation: Your spells are a little easier to cast,
                  | but a little less powerful. [potion of mutation]
  2688 | D:3      | Reached XP level 5. HP: 36/53 MP: 1/4
  2727 | D:3      | Reached skill level 3 in Axes
  3230 | D:5      | Entered Level 5 of the Dungeon
  3245 | D:5      | Found a sparkling altar of Nemelex Xobeh.
  3250 | D:5      | Found a bloodstained altar of Trog.
  3258 | D:5      | Found a shimmering altar of Xom.
  3473 | D:6      | Noticed a phantom
  3475 | D:6      | Reached XP level 6. HP: 50/61 MP: 3/5
  3694 | D:6      | Found a stormy altar of Qazlal.
  3694 | D:6      | Found a faded altar of an unknown god.
  3702 | D:6      | Found a faded altar of an unknown god.
  3705 | D:6      | Found a radiant altar of Vehumet.
  3707 | D:6      | Found an iron altar of Okawaru.
  3906 | D:5      | Reached skill level 4 in Axes
  3916 | D:5      | Reached XP level 7. HP: 56/67 MP: 4/6
  4140 | D:5      | Reached skill level 5 in Axes
  4182 | D:5      | Reached XP level 8. HP: 74/78 MP: 5/7
  4329 | D:3      | Bought a +1 cloak of poison resistance for 175 gold pieces
  4405 | D:5      | Found a runed translucent gate.
  4405 | D:5      | Found a runed translucent gate.
  4405 | D:5      | Found a runed translucent gate.
  4405 | D:5      | Noticed WLBjork's ghost (novice HOMo)
  4439 | D:5      | Killed WLBjork's ghost
  4440 | D:5      | Reached skill level 6 in Axes
  4720 | D:6      | Found a hide-covered altar of Uskayaw.
  4831 | D:6      | Became a worshipper of Warmaster Okawaru
  4859 | D:6      | Noticed Blork the orc
  4873 | D:6      | Killed Blork the orc
  4965 | D:6      | Reached skill level 1 in Stealth
  4999 | D:6      | Reached skill level 5 in Dodging
  5001 | D:6      | Found the brooch of Shielding {Spirit SH+8}
  5091 | D:6      | Reached * piety under Okawaru
  5436 | D:6      | Lost mutation: Your spells are a little easier to cast, but
                  | a little less powerful. [potion of mutation]
  5436 | D:6      | Gained mutation: You sometimes lose the ability to read
                  | scrolls when taking damage. [potion of mutation]
  5436 | D:6      | Gained mutation: You have a pair of small horns on your
                  | head. [potion of mutation]
  5520 | D:7      | Reached XP level 9. HP: 79/85 MP: 6/8
  5568 | D:7      | Reached skill level 5 in Shields
  5772 | D:7      | Noticed a troll
  5784 | D:7      | Killed a troll
  5785 | D:7      | Reached skill level 7 in Axes
  5919 | D:7      | Found a glowing golden altar of the Shining One.
  5938 | D:7      | Found a staircase to the Ecumenical Temple.
  6033 | D:7      | Found a sand-covered staircase.
  6053 | Ossuary  | Entered an ossuary
  6165 | Ossuary  | Reached ** piety under Okawaru
  6340 | Ossuary  | Reached skill level 5 in Fighting
  6443 | D:7      | Found a snail-covered altar of Cheibriados.
  6678 | D:7      | Reached skill level 8 in Axes
  6791 | D:7      | Found a white marble altar of Elyvilon.
  7076 | D:8      | Noticed a two-headed ogre
  7083 | D:8      | Killed a two-headed ogre
  7084 | D:8      | Reached XP level 10. HP: 96/96 MP: 9/9
  7152 | D:8      | Found a broken altar of Ashenzari.
  7189 | D:8      | Reached *** piety under Okawaru
  7356 | D:8      | Paralysed by a hornet for 1 turns
  7402 | D:8      | Found a staircase to the Lair.
  7483 | Lair:1   | Entered Level 1 of the Lair of Beasts
  7747 | Lair:1   | Noticed Harold
  7814 | Lair:1   | Killed Harold
  7814 | Lair:1   | Reached **** piety under Okawaru
  7815 | Lair:1   | Reached skill level 9 in Axes
  7921 | Lair:1   | Identified the +5 ring mail of the Soldier {Str+5 Dex+7}
  7945 | Lair:1   | Noticed a black mamba
  7984 | Lair:1   | HP: 1/97 [poisoned by a black mamba]
  7987 | Lair:1   | Killed a black mamba
  8145 | Lair:1   | Noticed a four-headed hydra
  8179 | Lair:1   | HP: 3/98 [nine-headed hydra (5)]
  8179 | Lair:1   | Mangled by a nine-headed hydra

Illustrated notes

Levels and vault maps discovered:
D:1:      scummos_arrival_simple_crosswalls, layout_rooms,
          hellmonk_ecumenical_altar_leap_of_faith
D:2:      layout_loops_corners, basic_altar
D:3:      layout_basic, serial_shops, shop, nicolae_shop_hallway_plus, shop,
          nicolae_shop_bloodbath_and_beyond,
          wander_ebering_terrifying_dragon_lair
D:4:      layout_rooms
D:5:      layout_rooms, nicolae_overflow_hidden_temple, serial_corexii_hall,
          corexii_hall_statues_l, corexii_hall_statues_l,
          ebering_ghost_rock_garden
D:6:      layout_basic, general_overflow_altar,
          chequers_temple_overflow_minitemple, uniq_blork_the_orc
D:7:      layout_loops_corners, cheibriados_altar_2, tso_altar,
          lemuel_coloured_pillars_altar, minmay_temple_entry_hall,
          enter_ossuary_4
D:8:      layout_gridville, mainiacjoe_overflow_tiny_flanked, lair_entry_dummy,
          nicolae_shop_self_help
Lair:1:   layout_hall_layers, hangedman_lair_unloving_vines, roderic_batcave,
          lemuel_fruit_tree, uniq_harold
Lair:2:   nzn_winding_woodlands_huge [nzn_winding_woodlands_5x15_pathside_ponds,
          nzn_winding_woodlands_5x15_pockets, nzn_winding_woodlands_5x15_jagged,
          nzn_winding_woodlands_5x15_sawtooth,
          nzn_winding_woodlands_5x15_garden, nzn_winding_woodlands_5x15_cabin,
          nzn_winding_woodlands_5x15_lazy_stream,
          nzn_winding_woodlands_5x15_split_checker,
          nzn_winding_woodlands_5x15_eye, nzn_winding_woodlands_5x15_crooked,
          nzn_winding_woodlands_center_triple_pond,
          nzn_winding_woodlands_center_diamonds,
          nzn_winding_woodlands_15x15_thick_spiral], layout_misc_corridors,
          elwin_shoals_entry_rooms, spider_nest_entry_web_field

Skill      XL: |  1  2  3  4  5  6  7  8  9 10 |
---------------+-------------------------------+-----
Shields        | 3 4 6 7 |  7.3
Axes           | 2 3 4 5 6 8 9 |  9.1
Dodging        | 3 4 5 6 |  6.5
Fighting       | 3 4 5 |  5.6
Stealth        | 1 |  1.0
Throwing       | |  0.1

Action                   |  1- 3 |  4- 6 |  7- 9 | 10-12 || total
-------------------------+-------+-------+-------+-------++-------
Melee: War axe           |   101 |   166 |   277 |    99 ||   643
       Headbutt          |       |       |    35 |    14 ||    49
Throw: Dart              |       |       |     1 |       ||     1
Invok: Heroism           |       |       |       |     1 ||     1
Evoke: Wand              |       |     1 |       |       ||     1
  Use: Scroll            |     1 |       |     8 |     1 ||    10
       Potion            |       |     4 |     1 |     6 ||    11
 Stab: Sleeping          |     1 |       |     2 |     1 ||     4
Armor: Robe              |    44 |    52 |    88 |    13 ||   197
Dodge: Dodged            |    46 |    77 |   161 |   112 ||   396
       Repelled          |       |       |       |     2 ||     2
Block: Kite shield       |    46 |    77 |   159 |   134 ||   416

Table legend: (Time is in decaauts)
 A = Elapsed time spent in this place.
 B = Non-inter-level travel time spent in this place.
 C = Inter-level travel time spent in this place.
 D = Time resting spent in this place.
 E = Time spent auto-exploring this place.
 F = Levels seen in this place.
 G = Mean time per level.
                   A        B        C        D        E       F      G
               +--------+--------+--------+--------+--------+-----+--------+
         Total |   8416 |   8033 |    383 |    221 |   3484 |  11 |  765.1 |
       Dungeon |   7317 |   6940 |    377 |    138 |   3256 |   8 |  914.6 |
          Lair |    703 |    697 |      6 |     83 |    228 |   2 |  351.5 |
       Ossuary |    395 |    395 |      0 |      0 |      0 |   1 |  395.0 |
               +--------+--------+--------+--------+--------+-----+--------+

Top non-repeatable levels by time:
     D:3: 1380 daAuts
     D:6: 1217 daAuts
     D:7: 1141 daAuts
     D:2: 986 daAuts
     D:5: 916 daAuts
  Lair:1: 687 daAuts
     D:4: 591 daAuts
     D:1: 571 daAuts
     D:8: 511 daAuts
 Ossuary: 395 daAuts
  Lair:2: 16 daAuts
